AoeStats
← [CL] Al3jandr0.magn00

Arabia

504351159Analyzed
1v1 RM · 28d ago on Sep 5, 2026· 34m 58s· 2 players
Game mode
Random Map
Map size
Tiny (2 player)
Population
200
Speed
Normal
Resources
Standard
Victory
Conquest
Starting age
Dark Age
Ending age
Imperial Age
RankedLock teamsTeams togetherTeam positionsShared explorationLock speedFull tech treeHidden civsTurbo modeCheats
Victory
Defeat
🇦🇷 Japanese · Argentina
1878
+13
🇨🇱 Bohemians · Chile
1813
-13
Dkastro
8:29 Loom
10:48 Feudal Age
11:24 Man-at-Arms
12:12 Double-Bit Axe
17:26 Fletching
19:57 Padded Archer Armor
24:25 Castle Age
23:03 Horse Collar
24:31 Elite Skirmisher
25:07 Bodkin Arrow
26:29 Leather Archer Armor
26:34 Bow Saw
26:51 Scale Barding Armor
27:16 Ballistics
27:28 Town Watch
29:11 Chemistry
29:24 Wheelbarrow
28:45 Crossbowman
[CL] Al3jandr0.magn00
6:16 Loom
8:47 Feudal Age
10:31 Double-Bit Axe
14:14 Fletching
22:06 Castle Age
20:38 Padded Archer Armor
20:37 Horse Collar
22:46 Bodkin Arrow
22:14 Crossbowman
23:28 Bow Saw
23:10 Gold Mining
23:12 Elite Skirmisher
25:18 Ballistics
26:31 Leather Archer Armor
29:00 Wheelbarrow
28:11 Town Watch
28:56 Town Watch
Connection lost

Rejoining the realm…

Still unreachable

The connection could not be restored.

Session expired

The server has moved on; the page needs a fresh start.